[Event "*** Titled Tuesday Blitz"]
[Site "Chess.com"]
[Date "2020.05.05"]
[Round "3"]
[White "nubair1198"]
[Black "bilelou"]
[Result "1-0"]
[WhiteElo "2760"]
[BlackElo "2505"]
[TimeControl "180+1"]
[EndTime "10:29:55 PDT"]
[Termination "nubair1198 won by resignation"]

1. d4 Nf6 2. c4 e6 3. Nc3 Bb4 4. e3 O-O 5. Ne2 d5 6. a3 Bd6 7. Ng3 b6 8. Be2 Bb7 9. O-O Re8 10. Qc2 a6 11. Rd1 Nbd7 12. b4 dxc4 13. Bxc4 b5 14. Bb3 h5 15. e4 h4 16. Nf1 e5 17. d5 Nf8 18. Bg5 N8h7 19. Bxh4 Qd7 20. Ne3 g6 21. Qe2 Kg7 22. Qf3 Nh5 23. Nf5+ gxf5 24. Qxh5 f4 25. Rd3 Rh8 26. Rh3 Rag8 27. a4 Nf8 28.
Qg5+ Ng6 29. Qf6+ Kf8 30. axb5 Be7 31. bxa6 Ba8 32. Ba4 Qd8 33. Qxh8 Rxh8 34. Bxe7+ Kxe7 35. Rxh8 Nxh8 36. Bc6 Bxc6 37. dxc6 Qd4 38. a7 Qxc3 39. a8=Q Ng6 40. Qa3 Qd4 41. b5+ Kf6 42. Re1 Nh4 43.
Qh3 Ng6 44. Qd7 Kg7 45. Qxd4 1-0

[Event "*** Titled Tuesday Blitz"]
[Site "Chess.com"]
[Date "2020.05.05"]
[Round "3"]
[White "Azatic"]
[Black "dianosky"]
[Result "0-1"]
[WhiteElo "2618"]
[BlackElo "2446"]
[TimeControl "180+1"]
[EndTime "10:29:55 PDT"]
[Termination "dianosky won by resignation"]

1. e4 c5 2. Nf3 a6 3. c3 Qc7 4. d4 d6 5. Bd3 Bg4 6. O-O e5 7. Be3 Nf6 8. h3 Bh5 9. Nbd2 Be7 10. d5 O-O 11. a4 Nbd7 12. Re1 Rfe8 13. Nf1 c4 14. Bc2 Nc5 15. Ng3 Bg6 16. Nd2 b5 17. f4 exf4 18. Bxf4 Nfd7 19. Qg4 Bf6 20. Nf5 Ne5 21. Qg3 Rad8 22. axb5 axb5 23. Kh1 Bxf5 24.
exf5 Ned3 25. Bxd6 Rxe1+ 26. Rxe1 Qd7 27. Bxc5 Nxe1 28.
Qxe1 Qxd5 29. Ne4 Qxf5 30. Nxf6+ Qxf6 31. Bd4 Qe6 32. Qg3 g6 33. Qh4 Re8 34. Qh6 f6 35. Qf4 Kg7 36. Kh2 Rd8 37. Bd1 Qd6 38. Kg3 b4 39.
Bf3 bxc3 40. bxc3 g5 41. Qxd6 Rxd6 42. Be2 Rc6 43. Kf3 Kg6 44. g4 f5 45. Bd1 fxg4+ 46.
hxg4 h5 47. Bc2+ Kh6 48. gxh5 Kxh5 49. Ke4 g4 50. Bd1 Kh4 51. Kd5 Rc8 52. Bf6+ Kh3 53. Bc2 Rf8 54. Bd4 g3 55. Kxc4 Rf4 56. Kd5 Rxd4+ 57.
cxd4 g2 58. Bf5+ Kg3 0-1

[Event "*** Titled Tuesday Blitz"]
[Site "Chess.com"]
[Date "2020.05.05"]
[Round "3"]
[White "Vesper2018"]
[Black "Fh2411"]
[Result "1-0"]
[WhiteElo "2149"]
[BlackElo "2454"]
[TimeControl "180+1"]
[EndTime "10:29:56 PDT"]
[Termination "Vesper2018 won by checkmate"]

1. e4 c5 2. Nc3 Nc6 3. Bb5 Nd4 4. Bc4 g6 5. Nf3 Bg7 6. Nxd4 cxd4 7. Qf3 Nh6 8. Ne2 d6 9. d3 Bg4 10. Qg3 Bxe2 11.
Bb5+ Kf8 12. Kxe2 Qc8 13. Bc4 Qg4+ 14. f3 Qxg3 15. hxg3 Ng8 16. Bd2 h5 17. a4 Nf6 18.
a5 a6 19. c3 Nd7 20. Bd5 Rb8 21.
Ra4 e6 22. Ba2 dxc3 23. bxc3 Ke7 24. Rb1 Rhc8 25. d4 Rc7 26. Rab4 Kd8 27. Bc4 Kc8 28.
Bd3 Bf8 29. R4b3 Ra8 30. f4 Nb8 31. Kf3 Nc6 32. Ra1 Kd7 33. g4 hxg4+ 34. Kxg4 Be7 35. Kf3 Rh8 36. d5 exd5 37. exd5 Na7 38. c4 Bf6 39. Rab1 Kc8 40. Be3 Kb8 41. Rb6 Nc8 42. R6b3 Re8 43. c5 dxc5 44. Bxa6 c4 45. Rxb7+ Rxb7 46. Rxb7+ Ka8 47.
Rc7 Nd6 48. Bxc4 Nxc4 49. Rxc4 Kb7 50. Rc6 Bd8 51. a6+ Ka8 52. Rc8# 1-0

[Event "*** Titled Tuesday Blitz"]
[Site "Chess.com"]
[Date "2020.05.05"]
[Round "3"]
[White "elsemenova"]
[Black "Walter_White_Poland"]
[Result "1-0"]
[WhiteElo "2385"]
[BlackElo "2166"]
[TimeControl "180+1"]
[EndTime "10:29:56 PDT"]
[Termination "elsemenova won on time"]

1. e4 e5 2. Nf3 Nc6 3. Nc3 Bc5 4. Nxe5 Nxe5 5. d4 Bd6 6. dxe5 Bxe5 7. Bc4 Nf6 8. O-O O-O 9. Re1 Bxc3 10. bxc3 d6 11. Rb1 Ng4 12. Bd5 Qh4 13. h3 Qxf2+ 14. Kh1 Qh4 15.
Be3 Nxe3 16. Rxe3 c6 17. Bb3 Qe7 18. Rd3 Rd8 19. Qh5 Be6 20. Rbd1 Rd7 21. Rg3 Rad8 22.
Qh6 g6 23. Qf4 Bxb3 24. axb3 Qe5 25. Qf3 d5 26. Rd4 dxe4 27. Rxe4 Rd1+ 28. Kh2 Qc7 29.
h4 h5 30. Qe3 Kg7 31. Re7 Qd6 32. Rxb7 Rd7 33. Rxd7 Qxd7 34. Qe5+ Kg8 35. Qb8+ Kh7 36. Rf3 Rd6 37. Qf8 f5 38. Re3 Re6 39. Rd3 Qe7 40. Qc8 1-0

[Event "*** Titled Tuesday Blitz"]
[Site "Chess.com"]
[Date "2020.05.05"]
[Round "3"]
[White "Riptide27"]
[Black "ahachess"]
[Result "1-0"]
[WhiteElo "2538"]
[BlackElo "2342"]
[TimeControl "180+1"]
[EndTime "10:29:57 PDT"]
[Termination "Riptide27 won on time"]

1. d4 Nf6 2. c4 g6 3. Nc3 Bg7 4. e4 d6 5. Be2 O-O 6. Be3 e5 7. d5 a5 8. g4 Na6 9. h4 Nc5 10. f3 Nfd7 11. h5 Bf6 12. Qd2 Bh4+ 13. Kd1 f5 14. hxg6 f4 15. gxh7+ Kh8 16. Bxc5 Nxc5 17. Bf1 Rf7 18. Kc2 a4 19. Rc1 Bd7 20. Kb1 Qf6 21. Rc2 Rxh7 22. Qd1 Rg8 23. Rch2 Rgg7 24. Nge2 Bg5 25. Nc1 Rxh2 26. Rxh2+ Rh7 27. Qc2 Rxh2 28.
Qxh2+ Qh6 29. Qxh6+ Bxh6 30. Nd3 Nxd3 31. Bxd3 Bg5 32.
a3 Bh4 33. Bc2 Be1 34. Bxa4 Bxc3 35. Bxd7 Bd4 36. g5 Kg7 37. Bc8 b6 38. Bf5 Bf2 39. Kc2 Bh4 40. g6 Bf2 41. Kb3 Bd4 42. Ka2 Bc5 43.
b4 Bd4 44. Kb3 Kf6 45. Ka4 Bb2 46. Kb3 Bc1 47. Ka2 Bd2 48. Kb3 Bc1 49. c5 dxc5 50. bxc5 bxc5 51. a4 Bd2 52. Kc4 Bb4 53. Kb5 Kg7 54.
a5 1-0

[Event "*** Titled Tuesday Blitz"]
[Site "Chess.com"]
[Date "2020.05.05"]
[Round "3"]
[White "TigrVShlyape"]
[Black "Vamostodorecto"]
[Result "1-0"]
[WhiteElo "2815"]
[BlackElo "2534"]
[TimeControl "180+1"]
[EndTime "10:29:58 PDT"]
[Termination "TigrVShlyape won on time"]

1. d4 Nf6 2. Nf3 g6 3. Bf4 Bg7 4. c3 O-O 5. Nbd2 d6 6. h3 Nbd7 7. e4 Qe8 8. Bh2 e5 9. dxe5 Nxe5 10.
Nxe5 dxe5 11. Be2 Qe7 12. O-O Rd8 13. Qc2 Bh6 14. Nc4 Bf4 15. Bxf4 exf4 16. e5 Nd5 17. Bf3 Bf5 18. Qb3 Rab8 19. Rfe1 Kg7 20. a4 Nb6 21. a5 Nxc4 22. Qxc4 g5 23. a6 Bd3 24. Qa4 bxa6 25. b4 Kg6 26. Qc6+ Qe6 27. Qc5 h5 28. Rad1 Bf5 29. Bd5 Qe8 30. Qxc7 g4 31. h4 Rd7 32.
Qc6+ Be6 33. Bxe6 Rxd1 34. Qe4+ Kg7 35. Rxd1 Qxe6 36. Qxf4 Re8 37. Qg5+ Qg6 38. Qxg6+ Kxg6 39. Rd6+ Kf5 40. Rxa6 Rxe5 41. Rxa7 Re1+ 42. Kh2 f6 43. Rc7 Re2 44. Kg3 Rb2 45. f3 1-0

[Event "*** Titled Tuesday Blitz"]
[Site "Chess.com"]
[Date "2020.05.05"]
[Round "3"]
[White "FM_VS99"]
[Black "chessplayer9919"]
[Result "1-0"]
[WhiteElo "2296"]
[BlackElo "2454"]
[TimeControl "180+1"]
[EndTime "10:29:58 PDT"]
[Termination "FM_VS99 won on time"]

1. c4 e5 2. g3 Nf6 3. Bg2 Nc6 4.
Nc3 Bb4 5. Nd5 Bc5 6. e3 O-O 7. Ne2 Nxd5 8. cxd5 Ne7 9. d4 exd4 10. Nxd4 c6 11.
e4 cxd5 12. exd5 Qb6 13. Be3 Bb4+ 14. Kf1 d6 15. Kg1 Bc5 16. Qd2 Nf5 17. Nxf5 Bxf5 18. Bxc5 Qxc5 19. Rc1 Qb6 20. Bf3 Bh3 21. Bg2 Bd7 22.
Bf3 Rac8 23. Kg2 h6 24. b3 a5 25. Rxc8 Rxc8 26. Rc1 Re8 27. Re1 a4 28. Rxe8+ Bxe8 29. bxa4 Bxa4 30. Qc3 Qc5 31. Qb2 b6 32. a3 Bd7 33. h3 b5 34. Qb4 Bf5 35. Qb3 Bc2 36. Qb2 Bd3 37. Qd2 Qxa3 38. Qe3 Qc5 39. Qxd3 b4 40. Bd1 Qc1 41. Bb3 Qb2 42. Bc2 g6 43. Qc4 Qe5 44. Qd3 1-0

[Event "*** Titled Tuesday Blitz"]
[Site "Chess.com"]
[Date "2020.05.05"]
[Round "3"]
[White "Jumbo"]
[Black "anon132639"]
[Result "1-0"]
[WhiteElo "2886"]
[BlackElo "2628"]
[TimeControl "180+1"]
[EndTime "10:29:59 PDT"]
[Termination "Jumbo won by resignation"]

1. d4 Nf6 2. Bf4 g6 3. Nc3 d5 4. e3 Bg7 5. h4 h5 6. Be2 O-O 7. Nf3 c5 8. Ne5 Nc6 9. O-O cxd4 10. exd4 Nxe5 11. dxe5 Ne4 12. Nxe4 dxe4 13. Qxd8 Rxd8 14. Rfd1 Be6 15. c3 a6 16. Kf1 Kf8 17. Ke1 Ke8 18.
g3 Rxd1+ 19. Bxd1 Rd8 20. Bc2 Bd5 21. Ke2 f5 22. exf6 exf6 23. Bb3 Bxb3 24. axb3 f5 25. b4 Ke7 26. Ra5 Ke6 27. b5 axb5 28. Rxb5 Rd7 29. Rb6+ Kf7 30. c4 Bd4 31. Rb5 Ke6 32. b4 b6 33. Bg5 Be5 34. Rxb6+ Kf7 35. c5 Rd3 36. c6 Rc3 37. Rb7+ Ke6 38. b5 Bd4 39. Be3 Bxe3 40. fxe3 Rc5 41. c7 Kd7 42. b6 Rc6 43.
Rb8 Ke7 44. c8=Q 1-0

[Event "*** Titled Tuesday Blitz"]
[Site "Chess.com"]
[Date "2020.05.05"]
[Round "3"]
[White "Grandelicious"]
[Black "MikhailovViacheslav"]
[Result "0-1"]
[WhiteElo "2759"]
[BlackElo "2593"]
[TimeControl "180+1"]
[EndTime "10:29:59 PDT"]
[Termination "MikhailovViacheslav won on time"]

1. Nf3 Nf6 2. g3 g6 3. b3 Bg7 4. Bb2 O-O 5. Bg2 d6 6. d4 c5 7. dxc5 dxc5 8. Qxd8 Rxd8 9. O-O Nc6 10. Na3 Ne4 11.
Bxg7 Kxg7 12. Rfe1 Be6 13. Nb5 Rac8 14. Ne5 Nxe5 15. Bxe4 a6 16. Nc3 Rc7 17. Red1 Rxd1+ 18. Rxd1 b5 19. Kf1 b4 20. Nd5 Rd7 21. Ke1 f5 22. Nf4 Rxd1+ 23. Kxd1 Bf7 24. Bd5 g5 25. Bxf7 Kxf7 26.
Nd5 Ke6 27. Nb6 Kd6 28. f3 c4 29. f4 gxf4 30. gxf4 Kc6 31. Na4 Ng4 32. h3 Nf2+ 33. Ke1 Nxh3 34. e3 cxb3 35. axb3 e5 36. fxe5 Kd5 37.
Nb2 a5 38. Nc4 Ng5 39. Nxa5 Nf3+ 40. Ke2 Nxe5 0-1

[Event "*** Titled Tuesday Blitz"]
[Site "Chess.com"]
[Date "2020.05.05"]
[Round "3"]
[White "KaterynaLagno"]
[Black "CakeinSpace2002"]
[Result "1-0"]
[WhiteElo "2636"]
[BlackElo "2221"]
[TimeControl "180+1"]
[EndTime "10:29:59 PDT"]
[Termination "KaterynaLagno won on time"]

1. e4 e5 2. Nf3 Nc6 3. Bb5 a6 4. Ba4 Nf6 5. O-O Be7 6. d3 b5 7.
Bb3 d6 8. a4 Bb7 9. c3 O-O 10.
Re1 Na5 11. Bc2 c5 12. Nbd2 Rc8 13. Nf1 c4 14. Ng3 cxd3 15. Bxd3 Nc4 16. axb5 axb5 17.
b3 Nb6 18. Ra7 Bc6 19. Nf5 Rc7 20. Ra6 Rb7 21. Bg5 Re8 22. Qd2 Bd7 23. Nxe7+ Qxe7 24. Qe3 Reb8 25. Rea1 h6 26. Bh4 g5 27. Bg3 Nh5 28. Ra7 Nc8 29. Rxb7 Rxb7 30. Ra8 Kg7 31. h4 Nf4 32. hxg5 hxg5 33. Ne1 Nb6 34. Ra6 Nc8 35. Qf3 Be6 36. b4 Rc7 37. Bf1 Rb7 38. Ra8 Nb6 39. Ra5 Na4 40. Rxb5 Rxb5 41. Bxb5 Nb6 42. Bxf4 exf4 43. Qe2 Qc7 44. Qd2 f6 45. Qd4 Na4 46. Bxa4 1-0

[Event "*** Titled Tuesday Blitz"]
[Site "Chess.com"]
[Date "2020.05.05"]
[Round "3"]
[White "Teo2000"]
[Black "SirMittensofMittensville"]
[Result "0-1"]
[WhiteElo "2412"]
[BlackElo "2664"]
[TimeControl "180+1"]
[EndTime "10:29:59 PDT"]
[Termination "SirMittensofMittensville won by resignation"]

1. e4 e5 2. Nf3 Nc6 3. Bc4 Bc5 4.
c3 Nf6 5. d4 exd4 6. cxd4 Bb4+ 7.
Nc3 Nxe4 8. O-O Bxc3 9. d5 Bf6 10. Re1 Ne7 11. Rxe4 d6 12. Bg5 Bxg5 13. Nxg5 h6 14. Nf3 O-O 15. Qe2 Ng6 16. Re1 Bf5 17. Re3 Qf6 18. Qd2 Bd7 19. Qb4 b6 20. Bb5 a5 21.
Qc4 Bxb5 22. Qxb5 Rac8 23. h3 Qf5 24. Nd4 Qf4 25. Nc6 Kh8 26. Qd3 Qg5 27. Qd4 Qf5 28. a4 Qc2 29. R1e2 Qb1+ 30. Kh2 Kh7 31. Ne7 Nxe7 32.
Rxe7 Qf5 33. R2e3 Qxf2 34. Qg4 Qf6 35. Qd7 Qf4+ 36. Kg1 Qd4 37. Qf5+ Kg8 38. Qf2 Qxd5 39. Kh2 c5 40. Qf4 Qd4 41. Qg3 d5 42. R7e5 Rcd8 43. Rf3 Rde8 44. Ref5 Re7 45. R5f4 Qe5 46. Rg4 Qxg3+ 47.
Kxg3 Rd8 48. Rgf4 d4 49. Rf1 d3 0-1

[Event "*** Titled Tuesday Blitz"]
[Site "Chess.com"]
[Date "2020.05.05"]
[Round "3"]
[White "Blitzking642"]
[Black "Gubajdullin"]
[Result "0-1"]
[WhiteElo "2307"]
[BlackElo "2529"]
[TimeControl "180+1"]
[EndTime "10:29:59 PDT"]
[Termination "Gubajdullin won by checkmate"]

1. e4 c6 2. Ne2 d5 3. e5 d4 4. c3 c5 5. d3 Nc6 6. f4 h5 7. c4 h4 8. Ng1 Nh6 9. Nf3 Nf5 10. Be2 e6 11. O-O Be7 12. Na3 b6 13.
Nc2 Bb7 14. Bd2 Qc7 15. a3 O-O-O 16. b4 f6 17. b5 Na5 18. Bxa5 bxa5 19. Qd2 Kb8 20.
a4 h3 21. g3 Rdg8 22. Kf2 g5 23. exf6 gxf4 24. fxe7 fxg3+ 25. Ke1 g2 26. Rg1 Bxf3 27. Bxf3 Qxh2 28. Ke2 Ng3+ 29. Kf2 Nf1 30. e8=Q+ Rxe8 31. Qg5 Reg8 32. Qxc5 Qxg1+ 33. Kxg1 h2+ 34. Kf2 g1=Q+ 35. Ke2 Ng3+ 36. Kd2 Qf2+ 37. Kc1 Qxf3 38. Qd6+ Ka8 39.
b6 h1=Q+ 40. Kb2 Qxa1+ 41. Nxa1 Rb8 42. c5 Ne2 43. Nb3 Nc3 44. Qc7 Rh2+ 45. Ka1 Ra2# 0-1

[Event "*** Titled Tuesday Blitz"]
[Site "Chess.com"]
[Date "2020.05.05"]
[Round "3"]
[White "boasovietica"]
[Black "algatar2020"]
[Result "1-0"]
[WhiteElo "2469"]
[BlackElo "1843"]
[TimeControl "180+1"]
[EndTime "10:29:59 PDT"]
[Termination "boasovietica won on time"]

1. e4 g6 2. d4 d6 3. Ne2 Bg7 4. Be3 Nf6 5. f3 c6 6. c4 Qc7 7. Nbc3 e5 8. Qd2 a6 9. d5 c5 10. O-O-O Bd7 11. g4 b5 12. Ng3 bxc4 13. Bxc4 Bb5 14. Nxb5 axb5 15. Bxb5+ Nbd7 16. Kb1 O-O 17. Bxd7 Nxd7 18. h4 Rfb8 19. h5 Nb6 20. hxg6 fxg6 21.
Qh2 Bh8 22. Nf5 gxf5 23. gxf5 Nc4 24. Rdg1+ Kf8 25. Bc1 Ra7 26. Qg2 Qf7 27. Rh3 Rab7 28. b3 Na5 29. Rg3 Nxb3 30. axb3 Rxb3+ 31. Kc2 R3b7 32. Qh3 Bf6 33. Qh6+ Ke7 34. Rg7 Bxg7 35. Rxg7 Ke8 36. Rxf7 Kxf7 37. Qxd6 c4 38. Qxe5 Ra8 39. Qe6+ Kf8 40. Bh6+ 1-0

[Event "*** Titled Tuesday Blitz"]
[Site "Chess.com"]
[Date "2020.05.05"]
[Round "3"]
[White "IMTominho"]
[Black "Undisputed92"]
[Result "1-0"]
[WhiteElo "2789"]
[BlackElo "2578"]
[TimeControl "180+1"]
[EndTime "10:30:00 PDT"]
[Termination "IMTominho won by resignation"]

1. d4 Nf6 2. c4 e6 3. Nf3 Bb4+ 4. Nbd2 O-O 5. a3 Be7 6. g3 d6 7. Bg2 Nbd7 8. O-O e5 9. Qc2 a5 10. b3 Re8 11. Bb2 Bf8 12. e4 c6 13. Rad1 Qc7 14.
Rfe1 g6 15. h3 b6 16. Nf1 Bb7 17. g4 Bg7 18. Ng3 Re7 19. g5 Ne8 20. h4 c5 21.
d5 a4 22. Bf1 axb3 23. Qxb3 Bc8 24. Nh2 Nf8 25. Rb1 f5 26. exf5 gxf5 27. Bc1 f4 28. Nh5 Ng6 29. Qxb6 Nxh4 30. Qxc7 Rxc7 31. Rb6 Ng6 32. Nxf4 Nxf4 33. Bxf4 Rxa3 34. Be3 Ra8 35. Bd3 Rb7 36. Rxb7 Bxb7 37. Nf3 Bc8 38. Kg2 Bf8 39. Nh4 Ra7 40. Rh1 Ng7 41. g6 h5 42.
Nf3 Bg4 43. Ng5 Be7 44. Nf7 Ra2 45. Nh6+ Kf8 46. Nxg4 1-0

[Event "*** Titled Tuesday Blitz"]
[Site "Chess.com"]
[Date "2020.05.05"]
[Round "3"]
[White "keepitcool9499"]
[Black "Khamrakulov_Djurabek"]
[Result "0-1"]
[WhiteElo "2455"]
[BlackElo "2814"]
[TimeControl "180+1"]
[EndTime "10:30:00 PDT"]
[Termination "Khamrakulov_Djurabek won on time"]

1. d4 Nf6 2. c4 e6 3. Nc3 Bb4 4.
Bd2 c5 5. a3 Bxc3 6. Bxc3 cxd4 7. Qxd4 O-O 8. Nf3 Nc6 9. Qh4 b6 10. e3 Bb7 11. Bd3 h6 12. Qg3 Kh8 13. O-O d6 14.
Rfd1 e5 15. Nh4 Ne7 16. Rac1 Qc7 17. f4 Nc6 18. Nf5 Rg8 19. fxe5 Nxe5 20. Bb1 Rad8 21. Nxd6 Rxd6 22. Rxd6 Qxd6 23. Bxe5 Qd2 24. Rf1 Re8 25. Bxf6 gxf6 26. Rxf6 Qc1+ 27. Rf1 Qxb2 28. Qf2 Qg7 29. g3 Kg8 30. Qf4 Bc8 31. Be4 Be6 32. Bd5 a5 33. e4 Qg6 34. Kg2 Bxd5 35. exd5 Re4 36. Qf5 Re2+ 37. Kh3 Kg7 38. Qxg6+ Kxg6 39. Rd1 Re8 40. d6 Rd8 41. d7 f6 42. Rd6 Kf7 43. Rxb6 Rxd7 44. Rb5 Rd4 45. c5 a4 46. c6 Rc4 47. Rb7+ Ke6 48. c7 Kd7 0-1

[Event "*** Titled Tuesday Blitz"]
[Site "Chess.com"]
[Date "2020.05.05"]
[Round "3"]
[White "Shivagami"]
[Black "PenguinPacks"]
[Result "0-1"]
[WhiteElo "2144"]
[BlackElo "2349"]
[TimeControl "180+1"]
[EndTime "10:30:00 PDT"]
[Termination "PenguinPacks won by checkmate"]

1. d4 Nf6 2. c4 e6 3. Nc3 Bb4 4. f3 c5 5. d5 O-O 6. e4 exd5 7. cxd5 d6 8. Bd3 Re8 9. Ne2 Nbd7 10. O-O Ne5 11.
Bc2 c4 12. Be3 Bd7 13. Bd4 b5 14. f4 Ng6 15. Ng3 Ba5 16. e5 dxe5 17. fxe5 Nxe5 18. Nh5 Nxh5 19. Bxh7+ Kxh7 20. Qxh5+ Kg8 21. Bxe5 Rxe5 22.
Qxe5 Bb6+ 23. Kh1 Qh4 24. Rf4 Qh6 25. Raf1 Rf8 26. Qe7 Be8 27. Ne4 Qg6 28. Nd6 Be3 29. Qxe3 Qxd6 30. Qg3 Qxd5 31. Rf5 Qe6 32. Rg5 g6 33.
Rg4 Bc6 34. Rh4 f5 35. Qg5 Qf6 36. Qh6 Qg7 37. Qg5 Re8 38. Rd1 f4 39. Qxf4 Qe7 40.
h3 Qe2 41. Rf1 Qxg2# 0-1

[Event "*** Titled Tuesday Blitz"]
[Site "Chess.com"]
[Date "2020.05.05"]
[Round "3"]
[White "RAU4ever"]
[Black "Belka1989"]
[Result "1-0"]
[WhiteElo "2345"]
[BlackElo "2139"]
[TimeControl "180+1"]
[EndTime "10:30:00 PDT"]
[Termination "RAU4ever won by checkmate"]

1. e4 e5 2. Nf3 Nc6 3. Bc4 Nf6 4. d3 Bc5 5. c3 d6 6. Bb3 Bg4 7. h3 Bxf3 8. Qxf3 Qd7 9. Bg5 Qe7 10. Nd2 h6 11. Be3 Bxe3 12. fxe3 O-O-O 13. O-O-O Na5 14. Bc2 Qe6 15. Kb1 d5 16. exd5 Qxd5 17. e4 Qb5 18.
Nb3 Nxb3 19. Bxb3 Rhf8 20. Rhf1 a5 21. Bc4 Qb6 22. Qf5+ Nd7 23. Bxf7 g6 24. Qe6 Qxe6 25. Bxe6 Rxf1 26. Rxf1 Re8 27. Bxd7+ Kxd7 28. Rf7+ Kc8 29. Rf6 Rg8 30. g4 Kd7 31. Rf7+ Kd6 32. Kc2 h5 33. g5 b5 34. Rf6+ Kd7 35. Kd2 b4 36. Kc2 bxc3 37. bxc3 Rg7 38. Ra6 Rf7 39. Rxg6 Rf2+ 40. Kb3 a4+ 41. Kxa4 Rxa2+ 42. Kb4 Rh2 43. Rf6 Rxh3 44. Kc4 Rg3 45. g6 h4 46. Rf7+ Kc6 47. Rh7 Rxg6 48. Rxh4 Rd6 49. Rh7 Kb6 50. d4 exd4 51. cxd4 Rg6 52. e5 Kc6 53. Rf7 Rg4 54. Rf6+ Kd7 55. Kd5 c6+ 56. Kc5 Re4 57. Rd6+ Kc7 58.
Rxc6+ Kd7 59. Rd6+ Kc7 60. Kd5 Re1 61. Ra6 Kd7 62.
Ra7+ Kd8 63. Kd6 Ke8 64. e6 Kf8 65. Ra8+ Kg7 66. e7 Kf7 67. Rf8+ Kg7 68. e8=Q Rxe8 69. Rxe8 Kf7 70. Re2 Kg7 71. Ke7 Kg6 72. Re5 Kg7 73. d5 Kg6 74. d6 Kg7 75. d7 Kg6 76.
d8=Q Kg7 77. Qd4 Kg6 78. Qf4 Kg7 79. Rg5+ Kh7 80. Qh4# 1-0

[Event "*** Titled Tuesday Blitz"]
[Site "Chess.com"]
[Date "2020.05.05"]
[Round "3"]
[White "MFBerna"]
[Black "silverback96"]
[Result "0-1"]
[WhiteElo "2315"]
[BlackElo "2119"]
[TimeControl "180+1"]
[EndTime "10:30:00 PDT"]
[Termination "silverback96 won on time"]

1. d4 Nf6 2. Nf3 c5 3. e3 g6 4.
c4 Bg7 5. Nc3 O-O 6. Be2 cxd4 7.
exd4 d5 8. O-O Nc6 9. Be3 dxc4 10. Bxc4 Na5 11. Be2 Be6 12. Ne5 Nd5 13. Nxd5 Bxd5 14. Bf3 Nc6 15. Nxc6 bxc6 16. Rc1 Rc8 17. Rc5 Qb6 18.
b3 Rfd8 19. Bxd5 cxd5 20. Qc2 Rxc5 21. dxc5 Qc6 22. Rd1 e5 23. b4 d4 24. Qc4 a6 25.
h3 Rd5 26. Kh2 h5 27. Bc1 e4 28. Bb2 Qd7 29. Kg1 Rg5 30. Kf1 e3 31. fxe3 Qf5+ 32. Kg1 Qxh3 33. Qe2 dxe3 34. Bxg7 Kxg7 35. Rd3 Rg3 36. c6 Qc8 37. Rc3 Qf5 38. a4 Qb1+ 39. Qf1 Qxb4 40. Qa1 Kh7 41. c7 Qd4 42. c8=Q e2+ 43.
Kh2 Qh4+ 44. Kg1 Qd4+ 0-1

[Event "*** Titled Tuesday Blitz"]
[Site "Chess.com"]
[Date "2020.05.05"]
[Round "3"]
[White "1random"]
[Black "vwnv7"]
[Result "1-0"]
[WhiteElo "2530"]
[BlackElo "2307"]
[TimeControl "180+1"]
[EndTime "10:30:01 PDT"]
[Termination "1random won by resignation"]

1. e4 c5 2. Nf3 Nc6 3. d4 cxd4 4.
Nxd4 Nf6 5. Nc3 d6 6. Bg5 e6 7. Qd2 a6 8. O-O-O Bd7 9. f4 Be7 10. Nf3 b5 11. a3 h6 12. Bh4 g5 13. fxg5 Ng4 14. Qf4 Nge5 15. gxh6 Bxh4 16. Nxh4 Qe7 17. Nf3 O-O-O 18. a4 bxa4 19. Bxa6+ Kb8 20. Qe3 Bc8 21. Qb6+ Bb7 22. Nxe5 Nxe5 23. Nb5 Nc6 24. Rd3 Rxh6 25. Rc3 Rc8 26. Rxc6 Rxc6 27. Qa7+ Kc8 28. Qa8+ Kd7 29.
Qxb7+ Ke8 30. Qxc6+ Kf8 31. Qc8+ Kg7 32. Qc3+ e5 33.
Nc7 Rg6 34. Nd5 Qg5+ 35. Kb1 Qxg2 36. Rf1 Qxe4 37. Bd3 Qxd5 38. Bxg6 fxg6 39. Qf3 Qe6 40. Qf8+ Kh7 41. Rf7+ Qxf7 42. Qxf7+ 1-0

[Event "*** Titled Tuesday Blitz"]
[Site "Chess.com"]
[Date "2020.05.05"]
[Round "3"]
[White "madalin18"]
[Black "Lucas_Tomiello"]
[Result "0-1"]
[WhiteElo "2148"]
[BlackElo "2350"]
[TimeControl "180+1"]
[EndTime "10:30:01 PDT"]
[Termination "Lucas_Tomiello won by resignation"]

1. e4 c5 2. Nf3 d6 3. d4 cxd4 4. Nxd4 Nf6 5. Nc3 a6 6. Bg5 e6 7.
f4 Qc7 8. Qf3 Be7 9. O-O-O Bd7 10.
g4 Nc6 11. Bxf6 gxf6 12. Bg2 O-O-O 13. Rhe1 Kb8 14. Kb1 Rc8 15. Nxc6+ Bxc6 16. f5 h5 17. h3 hxg4 18. hxg4 Rcg8 19. Qe2 Rh4 20. Nd5 Bxd5 21. exd5 e5 22. Bf3 Qc5 23. Rd3 Bd8 24. Rc3 Qd4 25. Rd1 Qf4 26. Rb3 Ka8 27. Qd3 Rh3 28. Qc3 Ba5 29.
Qxa5 Rxf3 30. Rb6 Qc4 31. b3 Qe2 32. Rd2 Qf1+ 33. Kb2 Rxg4 34. Rd3 Rxd3 35. Rxa6+ bxa6 36. Qxa6+ Kb8 37. cxd3 Rg1 38. Qb6+ Kc8 39. Qc6+ Kd8 40. Qxd6+ Ke8 41. Qb8+ Ke7 42. Qc7+ Kf8 43. d6 Qa1+ 44. Ka3 Rg2 45. d7 Rxa2+ 46. Kb4 Qd4+ 47. Kb5 Qd5+ 48. Qc5+ Qxc5+ 49. Kxc5 Ke7 50. Kc6 Rc2+ 51. Kb7 Kxd7 0-1

[Event "*** Titled Tuesday Blitz"]
[Site "Chess.com"]
[Date "2020.05.05"]
[Round "3"]
[White "Maghalashvili"]
[Black "Willychess95"]
[Result "1-0"]
[WhiteElo "2806"]
[BlackElo "2532"]
[TimeControl "180+1"]
[EndTime "10:30:02 PDT"]
[Termination "Maghalashvili won by checkmate"]

1. Nf3 Nf6 2. g3 b5 3. Bg2 Bb7 4. O-O e6 5. b3 g6 6. c4 b4 7.
Bb2 Bg7 8. d4 O-O 9. Nbd2 d6 10.
Qc2 Nbd7 11. e4 a5 12. e5 Ne8 13. Ne4 Qe7 14. Rfe1 d5 15. cxd5 Bxd5 16. Nfd2 c6 17. Nc4 Nc7 18. a4 Rfb8 19. Rac1 Nb6 20. Ncd6 Ne8 21.
f4 Nc8 22. Nc4 Nb6 23. Ne3 Rc8 24. g4 f5 25. gxf5 gxf5 26. Nc5 Bh6 27. Qf2 Kh8 28. Kh1 Nc7 29. Rg1 Na6 30. Nd3 Bxb3 31. Rxc6 Rxc6 32. Bxc6 Rc8 33. d5 Rxc6 34. dxc6 Nd5 35. Qg2 Qe8 36.
Nxd5 Bxd5 37. Qxd5 exd5 38. e6+ Bg7 39. Rxg7 d4 40.
Bxd4 Qxc6+ 41. Rg2# 1-0

[Event "*** Titled Tuesday Blitz"]
[Site "Chess.com"]
[Date "2020.05.05"]
[Round "3"]
[White "AsaHoffmann"]
[Black "tarantul1"]
[Result "0-1"]
[WhiteElo "2375"]
[BlackElo "2594"]
[TimeControl "180+1"]
[EndTime "10:30:02 PDT"]
[Termination "tarantul1 won on time"]

1. d4 Nf6 2. Bg5 d5 3. Nd2 Bd7 4. e3 e6 5. Bd3 c5 6. c3 Nc6 7. f4 Qc7 8. Ngf3 Be7 9. O-O h6 10. Bh4 Ng8 11. Bg3 Bd6 12. Ne5 Nge7 13. a3 O-O 14.
Qh5 Be8 15. Qh3 Bd7 16. Ndf3 Rab8 17. Bh4 Bc8 18. Rac1 f6 19. Ng4 e5 20. fxe5 fxe5 21.
dxe5 Nxe5 22. Nfxe5 Rxf1+ 23. Rxf1 Bxe5 24. Qf3 Bxg4 25. Qxg4 Qd6 26. Bxe7 Qxe7 27. Qg6 Bf6 28. e4 c4 29. e5 Qxe5 30. Qh7+ Kf7 31. Bg6+ Ke7 32. Bc2 Kd6 33. Rd1 Re8 34. Qg6 Qe3+ 35. Kf1 Re5 36. Qg3 Qe2+ 37. Kg1 Qxc2 38. Rf1 Qd3 39. Qf2 Qe3 40.
g3 Qxf2+ 41. Rxf2 Ke6 42. Kg2 Re4 43. Kf3 Ke5 44. Rc2 d4 45. cxd4+ Rxd4 46. Re2+ Kd5 0-1

[Event "*** Titled Tuesday Blitz"]
[Site "Chess.com"]
[Date "2020.05.05"]
[Round "3"]
[White "TargetA"]
[Black "FeketeBarika"]
[Result "1-0"]
[WhiteElo "2527"]
[BlackElo "2293"]
[TimeControl "180+1"]
[EndTime "10:30:02 PDT"]
[Termination "TargetA won on time"]

1. c4 e6 2. d4 Nf6 3. Nc3 d5 4. e3 Be7 5. Nf3 O-O 6. Bd3 Nbd7 7. O-O Re8 8. b3 c6 9. Bb2 Bd6 10. e4 dxe4 11. Nxe4 Nxe4 12. Bxe4 Nf6 13. Bc2 Bc7 14.
Ne5 Qe7 15. Qf3 Bd7 16. Rfe1 Rad8 17. h4 Bc8 18. h5 h6 19. g4 Nh7 20. Qxf7+ Qxf7 21. Nxf7 Rd7 22. Ne5 Bxe5 23. Rxe5 Ng5 24. Kg2 Rf8 25.
Re3 Rf4 26. f3 Rdf7 27. Rf1 Rf8 28. Kg3 e5 29. dxe5 Bxg4 30. Ba3 R8f7 31. fxg4 Rxf1 32.
e6 R1f3+ 33. Rxf3 Rxf3+ 34. Kg2 Re3 35. e7 Nf7 36. Bg6 b5 37. Bc5 Re5 38. cxb5 cxb5 39. b4 a6 40. Kf3 Re1 41. Kf2 Re6 42. Kg3 Re5 43. Kf4 Re2 44. Be4 1-0